 Dungeon Crawl Stone Soup version 0.31-a0-705-ga145531891 (webtiles) character file.

Game seed: 14106458090583317503

40 randomguy2701 the Trooper (level 3, 9/33 HPs)
             Began as a Hill Orc Fighter on Sept 10, 2023.
             Quit the game on level 2 of the Dungeon.
             The game lasted 00:00:52 (821 turns).

randomguy2701 the Trooper (Hill Orc Fighter)         Turns: 821, Time: 00:00:53

Health: 9/33       AC:  6    Str: 18    XL:     3   Next: 50%
Magic:  3/3        EV:  9    Int:  8    God:
Gold:   41         SH:  4    Dex: 12    Spells: 2/2 levels left

rFire   . . .        a - +0 war axe
rCold   . . .        c - +0 buckler
rNeg    . . .        b - +0 scale mail
rPois   .            (no helmet)
rElec   .            (no cloak)
rCorr   .            (no gloves)
SInv    .            (no boots)
Will    .....        (no amulet) Stlth
                     (no ring)
HPRegen 0.25/turn    (no ring)
MPRegen 0.08/turn

%: no passive effects
@: lethally poisoned (9 -> 0), attractive, hasted, very quick
A: no striking features
a: no special abilities


You were on level 2 of the Dungeon.
You visited 1 branch of the dungeon, and saw 2 of its levels.

You collected 41 gold pieces.

Inventory:

Hand Weapons
 a - a +0 war axe (weapon)
Armour
 b - a +0 scale mail (worn)
 c - a +0 buckler (worn)
Scrolls
 e - a scroll of enchant armour {unknown}
 f - 2 scrolls of immolation {unknown}
 i - a scroll of identify {unknown}
 j - a scroll of fear {unknown}
 k - a scroll of amnesia {unknown}
 l - a scroll of revelation {unknown}
 m - a scroll of silence {unknown}
Potions
 d - a potion of might


   Skills:
 + Level 4.0 Fighting
 + Level 3.7 Axes
 + Level 3.6 Armour
 + Level 3.7 Shields


You had 2 spell levels left.
You didn't know any spells.
Your spell library was empty.

Dungeon Overview and Level Annotations

Branches:
Dungeon (2/15)

Altars:


Message History

The adder bites you but does no damage.
You closely miss the adder.
The adder is almost dead.
You barely miss the adder.
You feel sick. You block the adder's attack.
The adder bites you but does no damage.
You closely miss the adder.
The adder is almost dead.
You miss the adder.
You feel sick. The adder bites you.
You are more poisoned.
The adder poisons you! You block the adder's attack.
The adder closely misses you. The adder barely misses you.
You miss the adder.
The adder is almost dead.
You hit the adder.
You feel very sick. The adder bites you.
You are more poisoned.
The adder poisons you! The adder bites you but does no damage.
The adder bites you.
You are lethally poisoned!
The adder poisons you! You block the adder's attack.
You completely miss the adder.
The adder is almost dead.
You closely miss the adder.
You feel very sick. The adder barely misses you.
The adder completely misses you. The adder bites you but does no damage.
The adder barely misses you.
There is a lethal amount of poison in your body!
Unknown command.
It was a potion of haste.
You feel yourself speed up.
You feel very sick. You block the adder's attack.
The adder bites you but does no damage.
It was a potion of attraction.
You feel attractive to monsters.
* * * LOW HITPOINT WARNING * * *
You feel sick. The adder barely misses you.
The adder bites you but does no damage.
Unknown command.
Okay, then.
Are you sure you want to abandon this character and quit the game? (Confirm with "yes".)

#.)......#
##........##
#..........#
#..........#
#..........##
#.....[......
#....SS....##
#...@.......
##..<...###.
########


You could see 2 adders.

Vanquished Creatures
  2 dart slugs (D:1)
  4 ball pythons (D:1)
  3 endoplasms (D:1)
  2 giant cockroaches (D:1)
  4 goblins
  5 hobgoblins (D:1)
  2 quokkas (D:1)
  3 bats (D:1)
  6 kobolds (D:1)
  2 rats (D:1)
33 creatures vanquished.

Notes
Turn   | Place    | Note
-------+----------+-------------------------------------------
     0 | D:1      | randomguy2701 the Hill Orc Fighter began the quest for the
                  | Orb.
     0 | D:1      | Reached XP level 1. HP: 19/19 MP: 1/1
    76 | D:1      | Reached XP level 2. HP: 27/27 MP: 2/2
   243 | D:1      | Reached XP level 3. HP: 33/33 MP: 3/3
   341 | D:1      | Reached skill level 4 in Fighting
   821 | D:2      | Quit the game

Illustrated notes

Levels and vault maps discovered:
D:1:      lightli_arrival_statuegarden, layout_loops_ring, minmay_circled_x
D:2:      layout_rooms, palyth_stone_intersect, minmay_misc_feat_alley

Skill      XL: |  1  2  3 |
---------------+----------+-----
Axes           | 3 |  3.7
Fighting       | 4 |  4.0
Armour         | |  3.6
Shields        | |  3.7

Action                     || total
---------------------------++-------
  Melee: War axe           ||    90
    Use: Potion            ||     2
 Armour: Scale mail        ||    77
  Dodge: Dodged            ||    47
  Block: Buckler           ||    34

Table legend: (Time is in decaauts)
 A = Elapsed time spent in this place.
 B = Non-inter-level travel time spent in this place.
 C = Inter-level travel time spent in this place.
 D = Time resting spent in this place.
 E = Time spent auto-exploring this place.
 F = Levels seen in this place.
 G = Mean time per level.
                   A        B        C        D        E       F      G
               +--------+--------+--------+--------+--------+-----+--------+
         Total |    853 |    825 |     28 |      0 |    629 |   2 |  426.5 |
       Dungeon |    853 |    825 |     28 |      0 |    629 |   2 |  426.5 |
               +--------+--------+--------+--------+--------+-----+--------+

Top non-repeatable levels by time:
     D:1: 839 daAuts
     D:2: 14 daAuts
